 Dungeon Crawl Stone Soup version 0.31-a0-229-g1fc7ce93e2 (webtiles) character file.

Game seed: 4575929634912539772

15 qw the Shooter (level 2, -6/16 HPs)
             Began as a Gargoyle Hexslinger on July 6, 2023.
             Mangled by a gnoll
             ... wielding a +0 spear
              (8 damage)
             ... on level 1 of the Dungeon.
             The game lasted 00:00:08 (299 turns).

qw the Shooter (Gargoyle Hexslinger)                 Turns: 299, Time: 00:00:09

Health: -6/16      AC:  4    Str: 11    XL:     2   Next: 50%
Magic:  3/3        EV: 12    Int: 13    God:
Gold:   16         SH:  0    Dex: 12    Spells: 2/3 levels left

rFire   . . .        a - +1 sling
rCold   . . .        (no shield)
rNeg    + . .        c - +0 robe
rPois   inf          (no helmet)
rElec   +            (no cloak)
rCorr   .            (no gloves)
SInv    .            (no boots)
Will    .....        (no amulet)
Stlth   +            (no ring)
HPRegen 0.22/turn    (no ring)
MPRegen 0.08/turn

%: no passive effects
@: no status effects
A: sickness immunity, AC +2, negative energy resistance 1, electricity
resistance, torment resistance 1, petrification resistance
a: no special abilities


You were on level 1 of the Dungeon.
You visited 1 branch of the dungeon, and saw 1 of its levels.

You collected 16 gold pieces.


Innate Abilities, Weirdness & Mutations

You are immune to sickness and miasma.
Your stone body is resilient. (AC +2)
You are immune to poison.
You resist negative energy. (rN+)
You are resistant to electric shocks. (rElec)
You are resistant to unholy torment.
You are immune to petrification.


   Skills:
 + Level 1.2 Fighting
 - Level 3.0 Ranged Weapons
 - Level 1.5 Dodging
 - Level 1.0 Spellcasting
 - Level 2.6 Hexes


You had 2 spell levels left.
You knew the following spells:

 Your Spells              Type           Power      Damage    Failure   Level
a - Slow                  Hex            28%        N/A       10%         1

Your spell library contained the following spells:

 Spells                   Type           Power      Damage    Failure   Level
 Inner Flame              Hex/Fire       4%         N/A       43%         3
 Portal Projectile        Hex/Tloc       8%         N/A       43%         3
 Cause Fear               Hex            3%         N/A       67%         4

Inventory:

Hand Weapons
 a - a +1 sling (weapon)
Armour
 c - a +0 robe (worn)
 f - a +0 ring mail
Jewellery
 d - a +5 ring of evasion
Scrolls
 b - a scroll of poison
Potions
 e - a potion of magic {unknown}

Dungeon Overview and Level Annotations

Branches:
Dungeon (1/15)

Altars:

Annotations:
D:1 exclusion: gnoll


Message History

The sling bullet closely misses the ball python.
289 ||| Stepping ~*~*~tactically~*~*~ (outnumbered).
You shoot a sling bullet.
The sling bullet barely misses the ball python.
You shoot a sling bullet.
The sling bullet barely misses the ball python.
The ball python barely misses you. The ball python closely misses you.
The ball python bites you but does no damage.
The ball python grabs you. The ball python constricts you.
The gnoll barely misses you.
You shoot a sling bullet.
The sling bullet barely misses the ball python.
The ball python closely misses you. The ball python constricts you.
The gnoll barely misses you.
You shoot a sling bullet. The sling bullet hits the ball python.
The ball python is heavily wounded.
The ball python bites you but does no damage.
The ball python constricts you. The gnoll hits you but does no damage.
The ball python bites you but does no damage.
The ball python constricts you.
You shoot a sling bullet. The sling bullet hits the ball python.
You kill the ball python!
The gnoll misses you.
You shoot a sling bullet.
The sling bullet barely misses the gnoll.
The gnoll hits you from afar with a +0 spear.
The gnoll hits you from afar with a +0 spear!
Enter note:
296 ||| UPGRADING to +0 ring mail.
The gnoll hits you from afar with a +0 spear.
You stop removing your armour.
297 ||| UPGRADING to +0 ring mail.
The gnoll barely misses you.
You start removing your armour.
You continue taking off your +0 robe.
The gnoll barely misses you.
You continue taking off your +0 robe.
The gnoll hits you from afar with a +0 spear!
You stop removing your armour.
Ouch! That really hurt!
You die...

#.########## .
...##...@..#
....
#..##.####g#
#.#. #..##.# .#
....##..##.#
#.# #.....##.#
..g.
#.....##.#.# .#
#..........# .#
#.....##......#
#.....#########


You could see a gnoll.

Vanquished Creatures
  A dart slug (D:1)
  An endoplasm (D:1)
  2 goblins (D:1)
  2 jackals (D:1)
  3 ball pythons (D:1)
  2 bats (D:1)
  A rat (D:1)
12 creatures vanquished.

Notes
Turn   | Place    | Note
-------+----------+-------------------------------------------
     0 | D:1      | qw the Gargoyle Hexslinger began the quest for the Orb.
     0 | D:1      | Reached XP level 1. HP: 12/12 MP: 2/2
     0 | D:1      | 0 ||| qw: Version: 0.3-a-46-gb1f654a
     0 | D:1      | 0 ||| qw: Game counter: 1696
     0 | D:1      | 0 ||| qw: Melee chars always use a shield: true
     0 | D:1      | 0 ||| qw: God list: Okawaru
     0 | D:1      | 0 ||| qw: Allow faded altars: false
     0 | D:1      | 0 ||| qw: Do Orc after clearing Dungeon:15 true
     0 | D:1      | 0 ||| qw: Do second Lair branch before Depths: true
     0 | D:1      | 0 ||| qw: Lair rune preference: random
     0 | D:1      | 0 ||| qw: Goals: Normal
     0 | D:1      | 0 ||| PLANNING D:1-11
    74 | D:1      | Reached XP level 2. HP: 11/16 MP: 3/3
   268 | D:1      | Reached skill level 3 in Ranged Weapons
   289 | D:1      | 289 ||| Stepping ~*~*~tactically~*~*~ (outnumbered).
   295 | D:1      | HP: 4/16 [gnoll/+0 spear (7)]
   296 | D:1      | 296 ||| UPGRADING to +0 ring mail.
   296 | D:1      | HP: 1/16 [gnoll/+0 spear (3)]
   297 | D:1      | 297 ||| UPGRADING to +0 ring mail.
   299 | D:1      | Mangled by a gnoll

Levels and vault maps discovered:
D:1:      tarquinn_simple_flora_water_b, layout_loops_corners, minivault_23

Skill      XL: |  1  2 |
---------------+-------+-----
Ranged Weapons | 3 |  3.0
Fighting       | |  1.2
Dodging        | |  1.5
Spellcasting   | |  1.0
Hexes          | |  2.6

Action                     || total
---------------------------++-------
   Fire: Sling             ||    44
 Armour: Robe              ||    10
  Dodge: Dodged            ||    28

Table legend:
 A = Non-vault XP
 B = Vault XP
 C = Vault XP percentage of total XP
 D = Non-vault monster count
 E = Vault monster count
 F = Vault count percentage of total count
                 A         B        C        D         E       F
            +---------+---------+-------+---------+---------+-------
      Total |      22 |       0 |   0.0 |      12 |       0 |   0.0
            +---------+---------+-------+---------+---------+-------
        D:1 |      22 |       0 |   0.0 |      12 |       0 |   0.0
            +---------+---------+-------+---------+---------+-------
